[Event "Titled Tuesday Blitz August 15 Late 2023"]
[White "Hakobyan, Aram"]
[Black "Lysyj, Igor"]
[WhiteFideId "13306677"]
[BlackFideId "4150120"]
[WhiteElo "2973"]
[BlackElo "2886"]
[Result "1-0"]
[Round "7"]
[TimeControl "180+1"]
[Date "2023.08.15"]
[WhiteClock "0:02:11"]
[BlackClock "0:01:01"]
[Board "11"]

1. d4 d5 2. c4 e6 3. g3 Nf6 4. Bg2 Be7 5. Nf3 O-O 6. O-O dxc4 7. Qc2 a6 8. a4 Bd7 9. Bf4 Bc6 10. Nc3 b5 11. e4 b4 12. d5 exd5 13. Nxd5 Nxd5 14. exd5 Bxd5 15. Rad1 c6 16. Nd4 Bxg2 17. Kxg2 Qd5+ 18. Nf3 Qc5 19. Rfe1 Bf6 20. Bd6 b3 21. Qe4 1-0


[Site "https://www.chess.com"]

[Event "Titled Tuesday Blitz August 15 Late 2023"]
[White "Lagarde, Maxime"]
[Black "Grigoriants, Sergey"]
[WhiteFideId "662399"]
[BlackFideId "4130804"]
[WhiteElo "2872"]
[BlackElo "2968"]
[Result "1/2-1/2"]
[Round "7"]
[TimeControl "180+1"]
[Date "2023.08.15"]
[WhiteClock "0:01:54"]
[BlackClock "0:00:11"]
[Board "12"]

1. Nc3 d5 2. e4 d4 3. Nce2 e5 4. Ng3 c5 5. Nf3 Bd6 6. Bc4 Nc6 7. a3 Qe7 8. d3 Be6 9. Nf5 Bxf5 10. exf5 Nf6 11. O-O h6 12. Nd2 O-O 13. Qf3 e4 14. Nxe4 Ne5 15. Nxf6+ Qxf6 16. Qxb7 Nxc4 17. dxc4 Qxf5 18. Qb3 Rfe8 19. Qd3 Qxd3 20. cxd3 Re2 21. Rd1 a5 22. Kf1 Re6 23. a4 Rb8 24. Re1 Rxe1+ 25. Kxe1 g5 26. h3 f5 27. Kd1 Kf7 28. Kc2 Bc7 29. Bd2 h5 30. f3 Kf6 31. Ra3 h4 32. Rb3 Rxb3 33. Kxb3 f4 34. Kc2 Bb6 35. Bc1 Ke5 36. Kd1 Kd6 37. Bd2 Bd8 38. Be1 Kc6 39. Kc2 Bc7 40. Kb1 Bd8 41. Ka2 Bc7 42. Kb3 Bd8 43. Kc2 Bc7 44. Bd2 Bd8 45. Bc1 Bc7 46. b3 Bd8 47. Bb2 Bc7 48. Ba1 Bd8 49. Kb1 Bc7 50. Ka2 Bd8 51. Bb2 Bc7 52. b4 axb4 53. Kb3 Kb6 54. Bc1 Ka5 55. Bd2 Bd6 56. Be1 Be7 57. Bf2 Bd6 58. Bg1 Be7 59. Bh2 Bd6 60. Bg1 Be7 61. Bf2 Bd6 62. Be1 Be7 63. Bd2 Bd6 64. Bc1 Be7 65. Bb2 Bd6 66. Ba1 Be7 67. Bb2 Bd6 68. Ba1 Be7 69. Bb2 1/2-1/2


[Site "https://www.chess.com"]

[Event "Titled Tuesday Blitz August 15 Late 2023"]
[White "Mikhailov, Viacheslav"]
[Black "Drygalov, Sergey"]
[WhiteFideId "4187369"]
[BlackFideId "24171743"]
[WhiteElo "2739"]
[BlackElo "2966"]
[Result "0-1"]
[Round "7"]
[TimeControl "180+1"]
[Date "2023.08.15"]
[WhiteClock "0:00:00"]
[BlackClock "0:00:10"]
[Board "13"]

1. Nf3 d5 2. g3 g6 3. Bg2 Bg7 4. c4 c6 5. d4 Nf6 6. O-O dxc4 7. Ne5 Ng4 8. Bf4 Nxe5 9. Bxe5 Bxe5 10. dxe5 Qxd1 11. Rxd1 a6 12. a4 Be6 13. a5 Nd7 14. f4 Nc5 15. Nc3 Rd8 16. Rxd8+ Kxd8 17. Rd1+ Kc7 18. Ne4 Nxe4 19. Bxe4 f6 20. exf6 exf6 21. Kf2 f5 22. Bf3 Bd5 23. Bxd5 Rd8 24. Rc1 Rxd5 25. Rxc4 Rxa5 26. e4 Ra2 27. e5 Rxb2+ 28. Kf3 Rd2 29. h3 b5 30. Rc1 b4 31. Ke3 Rd5 32. g4 a5 33. gxf5 gxf5 34. Rg1 b3 35. Rg7+ Kb6 36. Rg8 a4 37. e6 Rd6 38. Re8 Kc7 39. e7 b2 40. Rc8+ Kxc8 41. e8=Q+ Kb7 42. Qf7+ Kb6 43. Qf8 Kb7 44. Qxf5 Rd1 45. Qf7+ Kb6 46. Qf8 b1=Q 47. Qb8+ Kc5 48. Qa7+ Qb6 49. Qe7+ Kc4+ 0-1


[Site "https://www.chess.com"]

[Event "Titled Tuesday Blitz August 15 Late 2023"]
[White "Lobanov, Sergei"]
[Black "Fedoseev, Vladimir"]
[WhiteFideId "24183750"]
[BlackFideId "24130737"]
[WhiteElo "2788"]
[BlackElo "3109"]
[Result "0-1"]
[Round "7"]
[TimeControl "180+1"]
[Date "2023.08.15"]
[WhiteClock "0:00:20"]
[BlackClock "0:01:48"]
[Board "14"]

1. d4 Nf6 2. c4 g6 3. Nc3 Bg7 4. e4 d6 5. h3 O-O 6. Be3 b6 7. Bd3 Bb7 8. Nge2 Nbd7 9. g4 c5 10. d5 Ne5 11. Ng3 Nxd3+ 12. Qxd3 Nd7 13. h4 Ne5 14. Qe2 Ba6 15. Nb5 Qd7 16. a4 Qxg4 17. Qxg4 Nxg4 18. Nc7 Bxc4 19. Nxa8 Nxe3 20. fxe3 Bxb2 21. Nxb6 axb6 22. Rb1 Be5 23. Kf2 Ra8 24. Rxb6 Rxa4 25. h5 f5 26. hxg6 Ra2+ 27. Kf3 fxe4+ 28. Nxe4 Be2+ 29. Kg2 Bc4+ 30. Kf3 hxg6 31. Rb8+ Kg7 32. Rhh8 Bxd5 33. Rhe8 Kf7 34. Rf8+ Ke6 35. Rg8 Kf5 0-1


[Site "https://www.chess.com"]

[Event "Titled Tuesday Blitz August 15 Late 2023"]
[White "Aronian, Levon"]
[Black "Hambleton, Aman"]
[WhiteFideId "13300474"]
[BlackFideId "2606577"]
[WhiteElo "3069"]
[BlackElo "2786"]
[Result "0-1"]
[Round "7"]
[TimeControl "180+1"]
[Date "2023.08.15"]
[WhiteClock "0:00:00"]
[BlackClock "0:00:03"]
[Board "15"]

1. e4 c5 2. Nf3 e6 3. d4 cxd4 4. Nxd4 Nc6 5. Nc3 Qc7 6. Be2 a6 7. Nxc6 Qxc6 8. O-O b5 9. Bf3 Bb7 10. e5 Qc7 11. Re1 Ne7 12. Bf4 Rc8 13. Bxb7 Qxb7 14. Ne4 Nd5 15. Bg3 Be7 16. c3 Rc4 17. Bh4 g5 18. Bxg5 Rxe4 19. Rxe4 Bxg5 20. Qf3 Qc6 21. Rd1 h5 22. g3 Be7 23. Rd3 f5 24. Red4 Bc5 25. Rh4 Be7 26. Rxh5 Rxh5 27. Qxh5+ Kd8 28. Qe2 Qc5 29. h4 Kc7 30. h5 Bg5 31. Kg2 Bh6 32. Rd4 Qc6 33. Kh2 f4 34. g4 Bg5 35. a4 Nb6 36. axb5 axb5 37. Qe4 Qc5 38. Kg2 Nd5 39. Qg6 Bh4 40. h6 f3+ 41. Kxf3 Qc6 42. Qe4 Qc5 43. Ke2 Qf8 44. Qf3 Qxh6 45. Rd1 Nf4+ 46. Kf1 Bg5 47. Ra1 Qh3+ 48. Qxh3 Nxh3 49. Ra7+ Kc6 50. Ra6+ Kc7 51. Ra7+ Kc6 52. Ke2 Nf4+ 53. Kf3 Nd5 54. Ra6+ Kb7 55. Ra1 Kc6 56. Rh1 Bd2 57. Rh5 Bc1 58. g5 Ne7 59. Kg4 Kd5 60. f4 Ng6 61. Rh1 Bxf4 62. Rh6 Bxg5 63. Rxg6 Bc1 64. b3 Bb2 65. Rg7 Kc6 66. Kf3 Bxc3 67. Ke4 d6 68. Rg6 Bxe5 69. Rxe6 Kc5 70. Kd3 Kb4 71. Kc2 Kc5 72. Rh6 b4 73. Rh4 Bc3 74. Kd3 d5 75. Rh7 Bb2 76. Rc7+ Kd6 77. Rc8 Bc3 78. Ke3 Ke5 79. Re8+ Kd6 80. Kf4 Bd2+ 81. Kf5 Bc3 82. Rc8 Kd7 83. Ra8 Kd6 84. Ra5 Bd4 85. Ra6+ Kd7 86. Re6 Bc3 87. Rb6 Kc7 88. Rg6 Kd7 89. Kg5 Bd2+ 90. Kg4 Bc3 91. Kf5 Bb2 92. Rg4 Bc3 93. Rg5 Kd6 94. Rg4 Bd2 95. Rh4 Bc3 96. Rh6+ Kd7 97. Rg6 Bb2 98. Rb6 Bc3 99. Re6 Bb2 100. Rg6 Bc3 101. Rb6 Kc7 102. Rh6 Kd7 103. Kg6 Ke6 104. Rh5 d4 105. Kg5 Ke5 0-1


[Site "https://www.chess.com"]

[Event "Titled Tuesday Blitz August 15 Late 2023"]
[White "Tristan, Leonardo"]
[Black "Andreikin, Dmitry"]
[WhiteFideId "113816"]
[BlackFideId "4158814"]
[WhiteElo "2781"]
[BlackElo "3011"]
[Result "1-0"]
[Round "7"]
[TimeControl "180+1"]
[Date "2023.08.15"]
[WhiteClock "0:00:22"]
[BlackClock "0:00:45"]
[Board "16"]

1. d4 Nf6 2. Nf3 e6 3. Bf4 b6 4. e3 Bb7 5. Nbd2 Nh5 6. Bg5 Be7 7. Bxe7 Qxe7 8. Bd3 d6 9. Qe2 a6 10. g4 Nf6 11. g5 Nd5 12. a3 c5 13. c4 Nc7 14. Rg1 Nc6 15. O-O-O b5 16. dxc5 dxc5 17. Be4 O-O-O 18. Nb3 Kb8 19. Qc2 f6 20. cxb5 Nxb5 21. Nxc5 Rc8 22. Rd7 Qxc5 23. Rxb7+ Kxb7 24. Qxc5 f5 25. Kb1 fxe4 26. Ne5 Ncd4 27. Qb4 Nc2 28. Qxe4+ Ka7 29. Rc1 Nd6 30. Nc6+ Kb6 31. Qxc2 1-0


[Site "https://www.chess.com"]

[Event "Titled Tuesday Blitz August 15 Late 2023"]
[White "Ghazarian, Kirk"]
[Black "Martinez Alcantara, Jose Eduardo"]
[WhiteFideId "30908604"]
[BlackFideId "3805662"]
[WhiteElo "2748"]
[BlackElo "3006"]
[Result "1/2-1/2"]
[Round "7"]
[TimeControl "180+1"]
[Date "2023.08.15"]
[WhiteClock "0:00:08"]
[BlackClock "0:00:19"]
[Board "17"]

1. e4 c5 2. b3 b6 3. g3 Bb7 4. Bg2 d6 5. Bb2 e6 6. Ne2 Nf6 7. Nbc3 a6 8. a4 Be7 9. O-O Qc7 10. d3 O-O 11. Re1 Nc6 12. Qd2 Rad8 13. Nd1 Rfe8 14. Ne3 b5 15. axb5 axb5 16. h3 Qb6 17. Kh2 Ra8 18. Reb1 Nd4 19. Ng4 Nd7 20. f4 Bf8 21. Ne3 Nxe2 22. Qxe2 d5 23. e5 d4 24. Ng4 Qc7 25. Bxb7 Qxb7 26. Nf2 Nb6 27. Bc1 Nd5 28. Bd2 Be7 29. Ne4 Rxa1 30. Rxa1 Ra8 31. Qe1 h6 32. Qb1 Ra6 33. Rxa6 Qxa6 34. Qb2 Qa7 35. Qb1 Qa3 36. Bc1 Qa6 37. Bd2 Qc6 38. Qa1 Ne3 39. Bxe3 dxe3 40. Qe1 c4 41. bxc4 bxc4 42. Qxe3 cxd3 43. Qxd3 Qc7 44. Nd6 Qc5 45. Ne4 Qb4 46. Kg2 g5 47. fxg5 hxg5 48. Nf6+ Kf8 49. Nd7+ Kg7 50. Nf6 Bxf6 51. exf6+ Kxf6 52. c4 Ke7 53. h4 gxh4 54. gxh4 Qc5 55. Kh3 Qf2 56. Qa3+ Kf6 57. Qc3+ e5 58. Qd3 Ke7 59. Qa3+ Ke6 60. Qd3 Ke7 61. Qa3+ Kf6 62. Qd3 Qg1 63. Qd6+ Kf5 64. Qd7+ Kf6 65. Qd6+ Kf5 66. Qd7+ Kf6 67. Qd6+ 1/2-1/2


[Site "https://www.chess.com"]

[Event "Titled Tuesday Blitz August 15 Late 2023"]
[White "Paravyan, David"]
[Black "Papp, Levente"]
[WhiteFideId "4194985"]
[BlackFideId "751243"]
[WhiteElo "2959"]
[BlackElo "2684"]
[Result "0-1"]
[Round "7"]
[TimeControl "180+1"]
[Date "2023.08.15"]
[WhiteClock "0:00:21"]
[BlackClock "0:00:04"]
[Board "18"]

1. e4 e6 2. d4 d5 3. Nc3 Bb4 4. e5 Ne7 5. a3 Bxc3+ 6. bxc3 b6 7. Qg4 Ng6 8. h4 h5 9. Qg3 Ba6 10. Bxa6 Nxa6 11. Ne2 Qd7 12. a4 c5 13. O-O Rc8 14. Bg5 cxd4 15. cxd4 Rxc2 16. Qf3 Rc4 17. Rfc1 Nb8 18. Ng3 Nc6 19. Nxh5 Nxd4 20. Nxg7+ Kf8 21. Qf6 Ne2+ 22. Kf1 Nxc1 23. h5 Qe7 24. Nxe6+ Qxe6 25. Qd8+ Kg7 26. Bf6+ Kh6 27. Bxh8 Rh4 28. Rxc1 Rh1+ 29. Ke2 Qg4+ 30. f3 Qxg2+ 31. Ke3 Rxc1 32. hxg6 Qg1+ 33. Kf4 Rc4+ 34. Kf5 Qxg6# 0-1


[Site "https://www.chess.com"]

[Event "Titled Tuesday Blitz August 15 Late 2023"]
[White "Rastbod, Ali"]
[Black "Rasulov, Vugar"]
[WhiteFideId "12567477"]
[BlackFideId "13402390"]
[WhiteElo "2676"]
[BlackElo "2886"]
[Result "0-1"]
[Round "7"]
[TimeControl "180+1"]
[Date "2023.08.15"]
[WhiteClock "0:00:06"]
[BlackClock "0:01:23"]
[Board "19"]

1. d4 c5 2. d5 d6 3. e4 e5 4. Nd2 a6 5. a4 f5 6. Bd3 Nf6 7. exf5 Nxd5 8. Qh5+ Ke7 9. Bc4 g6 10. Qh4+ Nf6 11. Ne4 Bg7 12. Bg5 Qf8 13. O-O-O Bxf5 14. Rxd6 Nd7 15. Nf3 h6 16. Rxd7+ Bxd7 17. Nxe5 hxg5 18. Nxg6+ Kd8 19. Qg3 Nxe4 20. Qd3 Qf6 21. Qxe4 Qxb2+ 22. Kd2 Re8 0-1


[Site "https://www.chess.com"]

[Event "Titled Tuesday Blitz August 15 Late 2023"]
[White "Kovalev, Vladislav"]
[Black "Veiga, Jose Francisco R P Neves"]
[WhiteFideId "13504398"]
[BlackFideId "1930087"]
[WhiteElo "2871"]
[BlackElo "2667"]
[Result "1-0"]
[Round "7"]
[TimeControl "180+1"]
[Date "2023.08.15"]
[WhiteClock "0:01:52"]
[BlackClock "0:01:42"]
[Board "20"]

1. e4 c6 2. Nf3 d5 3. d3 Qc7 4. Nc3 dxe4 5. dxe4 e5 6. Bc4 Be7 7. a4 Nf6 8. O-O O-O 9. h3 a5 10. Nh4 Nxe4 11. Nxe4 Bxh4 12. Qh5 Be7 13. Re1 Nd7 14. Ng5 Bxg5 15. Bxg5 Nb6 16. Bd3 f5 17. Be3 Nd5 18. Bc5 Rf6 19. Qe8+ 1-0


[Site "https://www.chess.com"]

[Event "Titled Tuesday Blitz August 15 Late 2023"]
[White "RrainlessBobot"]
[Black "Kravtsiv, Martyn"]
[BlackFideId "14113147"]
[WhiteElo "2554"]
[BlackElo "2843"]
[Result "0-1"]
[Round "7"]
[TimeControl "180+1"]
[Date "2023.08.15"]
[WhiteClock "0:00:58"]
[BlackClock "0:01:52"]
[Board "21"]

1. Nf3 f5 2. d3 Nf6 3. e4 d6 4. exf5 Bxf5 5. d4 Nc6 6. Bd3 Qd7 7. Bxf5 Qxf5 8. O-O O-O-O 9. c4 e5 10. d5 Nb4 11. Nc3 h6 12. Qa4 Nc2 13. Nh4 Qh7 14. Rb1 g5 15. Nf3 g4 16. Nd2 Kb8 17. Nde4 Nxe4 18. Qxc2 Nxc3 0-1


[Site "https://www.chess.com"]

[Event "Titled Tuesday Blitz August 15 Late 2023"]
[White "Pakleza, Zbigniew"]
[Black "Poltorak, Sebastian"]
[WhiteFideId "1119290"]
[BlackFideId "1199498"]
[WhiteElo "2822"]
[BlackElo "2556"]
[Result "0-1"]
[Round "7"]
[TimeControl "180+1"]
[Date "2023.08.15"]
[WhiteClock "0:00:00"]
[BlackClock "0:00:03"]
[Board "22"]

1. d4 Nf6 2. Nf3 b6 3. Bf4 Bb7 4. e3 g6 5. h3 Bg7 6. Be2 O-O 7. O-O d6 8. a4 a6 9. c3 Nbd7 10. Bh2 Qe8 11. Nbd2 e5 12. Qb3 Rb8 13. Rfd1 Qe7 14. Qa3 Rfe8 15. Nc4 Ne4 16. Rac1 h6 17. Ncd2 Nxd2 18. Rxd2 Kh7 19. b4 f5 20. Qb3 f4 21. exf4 e4 22. Ne1 e3 23. Rdc2 exf2+ 24. Kxf2 Qe3+ 25. Kf1 Bxd4 26. Nd3 Bg7 27. Bg1 Qe4 28. Ne1 Qxf4+ 29. Nf3 Ne5 30. Bh2 Qf5 31. c4 Nxf3 32. Bxf3 Rf8 33. Kg1 Bd4+ 34. Kh1 Bxf3 35. Qxf3 Qxf3 36. gxf3 Rxf3 37. Re2 Rf7 38. Rd1 Bf6 39. Kg2 Rbf8 40. c5 dxc5 41. bxc5 bxc5 42. Rd5 Bd4 43. Bg3 Kg7 44. a5 Kh7 45. h4 Rb8 46. Be5 Re8 0-1


[Site "https://www.chess.com"]

[Event "Titled Tuesday Blitz August 15 Late 2023"]
[White "Mekhitarian, Krikor Sevag"]
[Black "dodoucb"]
[WhiteFideId "2107660"]
[WhiteElo "2808"]
[BlackElo "2438"]
[Result "1-0"]
[Round "7"]
[TimeControl "180+1"]
[Date "2023.08.15"]
[WhiteClock "0:00:02"]
[BlackClock "0:00:00"]
[Board "23"]

1. Nf3 Nf6 2. c4 e6 3. Nc3 Bb4 4. Qc2 O-O 5. a3 Be7 6. d4 d5 7. Bf4 b6 8. cxd5 exd5 9. e3 c5 10. Bd3 Nc6 11. dxc5 bxc5 12. O-O h6 13. Rad1 Be6 14. e4 d4 15. Na4 Nd7 16. b4 Rc8 17. bxc5 Na5 18. Ba6 Bb3 19. Qe2 Bxa4 20. Rxd4 Bc6 21. Bxc8 Qxc8 22. Bd6 Re8 23. Rfd1 Bf6 24. Rb4 Nb7 25. e5 Nbxc5 26. h3 Bxf3 27. Qxf3 Bxe5 28. Bxe5 Nxe5 29. Qg3 Ncd3 30. Re4 f5 31. Rd4 Qc2 32. Rf1 f4 33. Qh4 f3 34. Qh5 Rf8 35. g3 Nc1 36. Qxe5 Ne2+ 37. Kh2 Nxd4 38. Qxd4 Qe2 39. Kg1 Rf6 40. h4 Qe7 41. Qd3 Qe6 42. Kh2 Qb6 43. Qd2 Kh8 44. Rc1 Qe6 45. Rc3 Qf5 46. Qd1 Qg4 47. Re3 Kh7 48. Qd3+ Qf5 49. Qc3 h5 50. Qc1 Qg4 51. Qd1 Rf4 52. Qd3+ Kh6 53. Qd6+ Rf6 54. Qd3 Qf5 55. Qd4 Qg4 56. Qe5 Qf5 57. Qe7 Qg6 58. Qe5 Qf5 59. Qe8 Qh7 60. Qd8 Qg6 61. Qd2 Qg4 62. Re4+ 1-0


[Site "https://www.chess.com"]

[Event "Titled Tuesday Blitz August 15 Late 2023"]
[White "Hoang, Thi Bao Tram"]
[Black "Grischuk, Alexander"]
[WhiteFideId "12401102"]
[BlackFideId "4126025"]
[WhiteElo "2679"]
[BlackElo "3028"]
[Result "0-1"]
[Round "7"]
[TimeControl "180+1"]
[Date "2023.08.15"]
[WhiteClock "0:00:00"]
[BlackClock "0:00:01"]
[Board "24"]

1. Nf3 g6 2. g3 Bg7 3. Bg2 c5 4. O-O Nc6 5. c3 e5 6. d3 Nge7 7. Be3 d6 8. Qc1 h6 9. Na3 Be6 10. Nc2 Rc8 11. Rd1 Qd7 12. Bd2 f5 13. e4 g5 14. exf5 Bxf5 15. Be3 O-O 16. Qd2 b6 17. Rac1 d5 18. d4 e4 19. Nfe1 c4 20. f3 exf3 21. Nxf3 Be4 22. Rf1 Nf5 23. Rce1 Rce8 24. Bf2 Nd6 25. Be3 Qg4 26. Qd1 Qh5 27. Bc1 Re7 28. Ne3 Ref7 29. Nd2 Qxd1 30. Rxd1 Bxg2 31. Rxf7 Rxf7 32. Kxg2 Ne7 33. Rf1 Rxf1 34. Kxf1 Kf7 35. Kg2 Ke6 36. b3 Nef5 37. Nxf5 Kxf5 38. bxc4 Nxc4 39. Nxc4 dxc4 40. Kf3 g4+ 41. Ke2 Ke4 42. Ba3 h5 43. Bd6 Bf6 44. Bb8 a6 45. Bd6 Bg5 46. a4 Be3 47. Bc7 Bg1 48. Bxb6 Bxh2 49. Kf2 h4 50. gxh4 Bf4 51. h5 Bd2 52. Ba5 Kf4 53. Bc7+ Ke4 54. Ba5 Bf4 55. Kg2 Bd2 56. Kg3 Kf5 57. d5 Be1+ 58. Kg2 Bd2 59. d6 Ke6 60. Bb4 Bf4 61. Kf2 Kd7 62. Kg2 Ke6 63. a5 Kd7 64. Kf2 Ke6 65. Kg2 Kd7 66. Bc5 Ke6 67. Kf2 Kd7 68. Be3 Be5 69. h6 Bxc3 70. h7 Kxd6 71. Kg3 Kd5 72. Kxg4 Ke4 73. Bh6 Bh8 74. Kg5 c3 75. Kg6 c2 76. Kf7 Kd3 77. Ke6 Kc4 78. Kd6 Kb5 79. Bd2 Bg7 80. Kd5 Bh8 81. Ke4 Kc4 82. Bc1 Bg7 83. Kf5 Bh8 84. Ke6 Kb5 85. Kd5 Kxa5 86. Kc4 Ka4 87. Kd3 Kb3 88. Be3 a5 89. Kd2 a4 0-1


[Site "https://www.chess.com"]

[Event "Titled Tuesday Blitz August 15 Late 2023"]
[White "Bjelobrk, Igor"]
[Black "Shimanov, Aleksandr"]
[WhiteFideId "4300726"]
[BlackFideId "4198603"]
[WhiteElo "2677"]
[BlackElo "3024"]
[Result "0-1"]
[Round "7"]
[TimeControl "180+1"]
[Date "2023.08.15"]
[WhiteClock "0:00:01"]
[BlackClock "0:00:39"]
[Board "25"]

1. d4 Nf6 2. c4 g6 3. Nc3 Bg7 4. e4 d6 5. Nf3 O-O 6. Be2 e5 7. d5 a5 8. Bg5 h6 9. Be3 Na6 10. Nd2 Nh7 11. g4 Qh4 12. Rg1 Qxh2 13. Nf3 Qh3 14. Bf1 Qxg4 15. Rxg4 Bxg4 16. Be2 h5 17. Qd2 f5 18. exf5 gxf5 19. Bh6 f4 20. Bxg7 Kxg7 21. Ne4 Bf5 22. Bd3 Bxe4 23. Bxe4 Nf6 24. Qe2 Nc5 25. Nd2 Kh6 26. O-O-O Rg8 27. Rh1 Rg5 28. Bc2 Rag8 29. Ne4 Rg1+ 30. Rxg1 Rxg1+ 31. Kd2 Ncxe4+ 32. Bxe4 b6 33. Bc2 Rg2 34. Ke1 Rg1+ 35. Kd2 Rg2 36. Qf3 Rg5 37. Ke2 Ng4 38. Qe4 Nf6 39. Qh1 e4 40. Qh2 f3+ 41. Kd2 e3+ 42. Kd3 e2 43. Kd2 Rg4 44. Qh3 Rd4+ 45. Ke1 Ng4 46. Qxf3 Rxc4 47. Qf4+ Rxf4 0-1


[Site "https://www.chess.com"]

[Event "Titled Tuesday Blitz August 15 Late 2023"]
[White "Indjic, Aleksandar"]
[Black "Ozdemir, Serhan Berat"]
[WhiteFideId "911925"]
[BlackFideId "6374611"]
[WhiteElo "2983"]
[BlackElo "2666"]
[Result "0-1"]
[Round "7"]
[TimeControl "180+1"]
[Date "2023.08.15"]
[WhiteClock "0:00:09"]
[BlackClock "0:00:21"]
[Board "26"]

1. d4 Nf6 2. Bg5 g6 3. Bxf6 exf6 4. e3 d5 5. g3 h5 6. h4 c6 7. Bg2 Bg4 8. Ne2 Bd6 9. b3 Nd7 10. a3 Qe7 11. c4 dxc4 12. bxc4 O-O 13. c5 Bc7 14. Nbc3 Rac8 15. O-O b6 16. cxb6 axb6 17. Qc2 Bd6 18. Qb2 Be6 19. Rfc1 f5 20. a4 Bc4 21. Bf3 Rfd8 22. Kg2 Rc7 23. Nd1 Bd5 24. Bxd5 cxd5 25. Rxc7 Bxc7 26. Rc1 Nf6 27. Qb3 Qe4+ 28. f3 Qe7 29. Nf2 Ra8 30. Nh3 Kg7 31. Kf2 Bd6 32. Nhf4 Qb7 33. Nd3 Qa6 34. Ra1 Qc4 35. Qxc4 dxc4 36. Nb2 b5 37. Nc3 b4 38. Nb5 c3 39. Nxd6 cxb2 40. Rb1 Rxa4 41. Rxb2 Nd5 42. Nc4 Nc3 43. Nb6 Nd1+ 44. Ke2 Nxb2 0-1


[Site "https://www.chess.com"]

[Event "Titled Tuesday Blitz August 15 Late 2023"]
[White "Zhigalko, Sergei"]
[Black "Papayan, Oleg"]
[WhiteFideId "13502956"]
[BlackFideId "4193911"]
[WhiteElo "2924"]
[BlackElo "2632"]
[Result "1-0"]
[Round "7"]
[TimeControl "180+1"]
[Date "2023.08.15"]
[WhiteClock "0:01:16"]
[BlackClock "0:00:00"]
[Board "27"]

1. e4 e5 2. Nf3 Nc6 3. Bc4 Nf6 4. d3 Bc5 5. O-O d6 6. Nbd2 a5 7. c3 O-O 8. h3 Be6 9. Bb5 Ba7 10. Re1 Ne7 11. d4 Ng6 12. Nf1 c6 13. Bd3 Re8 14. Ng3 Qc7 15. Be3 h6 16. Qd2 Rad8 17. Qc2 Nf4 18. Bf1 g5 19. dxe5 Bxe3 20. fxe3 dxe5 21. exf4 exf4 22. Nh1 Nh5 23. Nd4 g4 24. hxg4 Bxg4 25. Be2 Qc8 26. Nf2 Bxe2 27. Qxe2 Nf6 28. Qf3 Re5 29. Qxf4 Nd7 30. Nf5 1-0


[Site "https://www.chess.com"]

[Event "Titled Tuesday Blitz August 15 Late 2023"]
[White "Manukyan, Sargis A."]
[Black "Moskalenko, Alexander"]
[WhiteFideId "13303970"]
[BlackFideId "4155351"]
[WhiteElo "2594"]
[BlackElo "2883"]
[Result "0-1"]
[Round "7"]
[TimeControl "180+1"]
[Date "2023.08.15"]
[WhiteClock "0:00:54"]
[BlackClock "0:02:01"]
[Board "28"]

1. d4 g6 2. c4 Bg7 3. Nc3 f5 4. e4 d6 5. exf5 Bxf5 6. Be3 Nf6 7. Bd3 Bxd3 8. Qxd3 O-O 9. Nge2 Nc6 10. O-O e5 11. dxe5 Nxe5 12. Qc2 Nxc4 13. Qb3 d5 14. Qxb7 Nxe3 15. fxe3 Qd6 16. Nf4 Rfb8 17. Nb5 Rxb7 18. Nxd6 cxd6 19. b3 Re8 20. Rae1 Rbe7 21. Rf3 d4 22. Kf2 Rxe3 23. Rfxe3 Rxe3 24. Rxe3 Ng4+ 25. Kf3 Nxh2+ 26. Ke2 dxe3 27. Nd5 Ng4 28. b4 Kf7 29. b5 Ke6 30. Nc7+ Kd7 31. Nd5 Bd4 32. a4 Nf6 33. Nb4 Bc5 34. Nc6 Nd5 35. g3 Nc3+ 36. Kd3 Nxa4 37. Na5 Nb6 38. g4 h5 39. gxh5 gxh5 40. Ke2 h4 41. Nb3 h3 42. Kf3 Nd5 43. b6 axb6 44. Nc1 h2 45. Kg2 Nf4+ 46. Kh1 e2 47. Nd3 Nxd3 48. Kg2 Bg1 49. Kh1 e1=Q 50. Kg2 Qe4+ 51. Kf1 Qf4+ 52. Kg2 Ne1+ 53. Kh1 Qf3# 0-1


[Site "https://www.chess.com"]

[Event "Titled Tuesday Blitz August 15 Late 2023"]
[White "Wieczorek, Oskar"]
[Black "Cordova, Emilio"]
[WhiteFideId "1133950"]
[BlackFideId "3801497"]
[WhiteElo "2616"]
[BlackElo "2870"]
[Result "0-1"]
[Round "7"]
[TimeControl "180+1"]
[Date "2023.08.15"]
[WhiteClock "0:00:00"]
[BlackClock "0:00:16"]
[Board "29"]

1. e4 c5 2. Nf3 d6 3. d4 cxd4 4. Nxd4 Nf6 5. Nc3 Nc6 6. g3 Bd7 7. Bg2 g6 8. O-O Bg7 9. Nde2 O-O 10. h3 Rc8 11. Be3 Ne5 12. b3 Nc6 13. Qd2 Re8 14. Nd5 Nxd5 15. exd5 Na5 16. Rab1 b6 17. c4 Nb7 18. Nd4 a6 19. Rbc1 Qc7 20. Rfe1 Nd8 21. h4 e5 22. dxe6 Nxe6 23. Nxe6 Bxe6 24. h5 Qb8 25. h6 Bf8 26. Bf4 Rc5 27. Rcd1 Rd8 28. Be3 Rh5 29. Bf3 Rf5 30. Bg4 Ra5 31. Bxe6 fxe6 32. Bd4 Rf5 33. Rxe6 b5 34. Qe3 bxc4 35. bxc4 Qc8 36. Rc1 Rf7 37. Re4 Qf5 38. Rf4 Qd7 39. Rxf7 Qxf7 40. Re1 Qxc4 41. Ba1 Rc8 42. Qf3 Qf7 43. Qe3 Rc4 44. Qd2 Qb7 45. Qe2 Qd5 0-1


[Site "https://www.chess.com"]

[Event "Titled Tuesday Blitz August 15 Late 2023"]
[White "Paszewski, Mateusz"]
[Black "Zierk, Steven"]
[WhiteFideId "1141058"]
[BlackFideId "2034255"]
[WhiteElo "2588"]
[BlackElo "2858"]
[Result "0-1"]
[Round "7"]
[TimeControl "180+1"]
[Date "2023.08.15"]
[WhiteClock "0:00:02"]
[BlackClock "0:00:13"]
[Board "30"]

1. c4 e5 2. Nc3 Nf6 3. Nf3 Nc6 4. e4 Bb4 5. d3 d6 6. a3 Bxc3+ 7. bxc3 O-O 8. Be2 a6 9. a4 Ne8 10. O-O f5 11. exf5 Bxf5 12. Ne1 Nf6 13. Nc2 d5 14. Ne3 Be6 15. cxd5 Nxd5 16. Nxd5 Bxd5 17. Be3 Qd6 18. Rb1 Ne7 19. c4 Bc6 20. Qb3 Qg6 21. f3 Nf5 22. Bf2 Rad8 23. a5 Nd4 24. Bxd4 exd4 25. Rbe1 Qg5 26. Qa2 Rfe8 27. Bd1 Re3 28. Ba4 Bxf3 29. Qf2 Rf8 30. Kh1 Rxe1 31. Rxe1 Bc6 32. Qe2 Bxa4 33. Qe6+ Kh8 34. Qe7 Qxe7 35. Rxe7 Rf1# 0-1


[Site "https://www.chess.com"]

[Event "Titled Tuesday Blitz August 15 Late 2023"]
[White "Schekachikhin, Maksim"]
[Black "Remizov, Yaroslav"]
[WhiteFideId "24177830"]
[BlackFideId "34134015"]
[WhiteElo "2573"]
[BlackElo "2842"]
[Result "1-0"]
[Round "7"]
[TimeControl "180+1"]
[Date "2023.08.15"]
[WhiteClock "0:00:13"]
[BlackClock "0:00:03"]
[Board "31"]

1. d4 Nf6 2. Nf3 d5 3. e3 Bf5 4. c4 c6 5. Bd3 Bxd3 6. Qxd3 e6 7. O-O Be7 8. Nc3 O-O 9. e4 dxe4 10. Nxe4 Nbd7 11. Rd1 Nxe4 12. Qxe4 Nf6 13. Qh4 a5 14. Bg5 a4 15. Rd2 Ra5 16. Rad1 h6 17. Bxf6 Bxf6 18. Qe4 Qb6 19. g3 Qb4 20. Ne5 Rd8 21. Ng4 Qxc4 22. Nxf6+ gxf6 23. Qf4 Kg7 24. Qc7 Rad5 25. Qxb7 c5 26. b3 axb3 27. axb3 Qc3 28. Rd3 Qc2 29. R1d2 Qc1+ 30. Rd1 Qg5 31. Qb6 R8d6 32. Qa7 Rd7 33. Qa1 e5 34. Qc3 cxd4 35. Qc4 Qf5 36. b4 Qe6 37. b5 Qb6 38. Rb3 e4 39. Qe2 Qe6 40. Rb4 f5 41. b6 d3 42. Qb2+ Kh7 43. b7 Rxb7 44. Rxb7 e3 45. fxe3 Qxe3+ 46. Qf2 Qe4 47. Rb2 Re5 48. Rbd2 Rd5 49. Re1 Qb4 50. Qe3 Kg6 51. Red1 Rd6 52. Rxd3 Re6 53. Qf2 Qg4 54. Qf3 Qg5 55. Rd6 Qe7 56. Rxe6+ fxe6 57. Qf4 Qc5+ 58. Qf2 Qc6 59. Qe3 Kf7 60. Re1 h5 61. Qa7+ Kg6 62. Qd4 Qa6 63. h4 Qc6 64. Qf4 Kf7 65. Qg5 Qc5+ 66. Qe3 Qc6 67. Kh2 Qc2+ 68. Re2 Qc6 69. Qf4 Qd5 70. Rf2 Qc5 71. Kg2 Qc6+ 72. Qf3 Qc5 73. Qxh5+ Ke7 74. Qg5+ Kf7 75. h5 Qd5+ 76. Kh2 Qc5 77. Re2 Qc3 78. Qg6+ Ke7 79. Qxe6+ Kf8 80. Qe8+ Kg7 81. Re7+ Kf6 82. Qf7+ Kg5 83. Qg6# 1-0


[Site "https://www.chess.com"]